 Dungeon Crawl Stone Soup version 0.30-b1-5-g8e6c1be481 (webtiles) character file.

Game seed: 1602330816198253614

603 safid the Chiller (level 7, -5/52 HPs)
             Began as a Merfolk Ice Elementalist on May 4, 2023.
             Splashed by a jelly's acid (9 damage)
             ... on level 5 of the Dungeon.
             The game lasted 00:09:59 (4425 turns).

safid the Chiller (Merfolk Ice Elementalist)        Turns: 4425, Time: 00:10:00

Health: -5/52      AC: -6    Str:  9    XL:     7   Next: 42%
Magic:  8/13       EV: 12    Int: 16    God:
Gold:   242        SH:  6    Dex: 14    Spells: 7/14 levels left

rFire   + . .        f - +2 dagger (elec)
rCold   . . .        h - +2 buckler
rNeg    + . .        a - +0 robe
rPois   .            (no helmet)
rElec   .            (no cloak)
rCorr   .            (no gloves)
SInv    .            (no boots)
Will    .....        n - amulet of magic regeneration
Stlth   ++           m - ring of protection from fire
HPRegen 0.28/turn    s - ring of positive energy
MPRegen 0.53/turn

%: no passive effects
@: corroded, freezing walls
A: (nimble swimmer 2), mertail
a: no special abilities


You were on level 5 of the Dungeon.
You visited 1 branch of the dungeon, and saw 5 of its levels.

You collected 242 gold pieces.

Inventory:

Hand Weapons
 f - a +2 dagger of electrocution (weapon)
Armour
 a - a +0 robe (worn)
 h - a +2 buckler (worn)
Jewellery
 m - a ring of protection from fire (left hand)
 n - an amulet of magic regeneration (around neck)
 o - a ring of see invisible
 s - a ring of positive energy (right hand)
 u - an amulet of the acrobat
Wands
 y - a wand of roots (8)
Scrolls
 c - 2 scrolls of teleportation {unknown}
 e - 3 scrolls of identify {unknown}
 g - 2 scrolls of amnesia {unknown}
 i - a scroll of torment {unknown}
 j - 3 scrolls of noise {unknown}
 k - a scroll of enchant armour {unknown}
 l - a scroll of poison {unknown}
 p - a scroll of magic mapping {unknown}
 x - a scroll of blinking {unknown}
 z - a scroll of fog {unknown}
Potions
 b - a potion of magic
 d - 3 potions of haste
 q - 2 potions of flight {unknown}
 r - a potion of brilliance {unknown}
 t - a potion of cancellation {unknown}
 v - a potion of might {unknown}
 w - a potion of heal wounds {unknown}


   Skills:
 * Level 3.2 Fighting
 + Level 3.2 Dodging
 - Level 2.1 Stealth
 * Level 2.6 Shields
 + Level 4.4 Spellcasting
 + Level 6.5 Ice Magic


You had 7 spell levels left.
You knew the following spells:

 Your Spells              Type           Power      Damage    Failure   Level
a - Freeze                Ice            96%        1d10      1%          1
b - Frozen Ramparts       Ice            48%        1d8       4%          3
c - Ozocubu's Armour      Ice            24%        N/A       4%          3

Your spell library contained the following spells:

 Spells                   Type           Power      Damage    Failure   Level
 Summon Small Mammal      Summ           12%        N/A       24%         1
 Summon Ice Beast         Ice/Summ       14%        N/A       54%         4
 Call Canine Familiar     Summ           3%         N/A       58%         3
 Dazzling Flash           Conj/Hex       6%         N/A       58%         3
 Inner Flame              Hex/Fire       3%         N/A       58%         3
 Summon Guardian Golem    Hex/Summ       3%         N/A       58%         3
 Volatile Blastmotes      Fire/Tloc      6%         2d10      58%         3
 Flame Wave               Conj/Fire      3%         2d5       94%         4
 Iskenderun's Mystic Bla  Conj/Tloc      3%         2d3       94%         4
 Sticky Flame             Conj/Fire      3%         2d3       94%         4
 Summon Mana Viper        Hex/Summ       3%         N/A       100%        5
 Starburst                Conj/Fire      1%         6d3       100%        6
 Monstrous Menagerie      Summ           1%         N/A       100%        7


Dungeon Overview and Level Annotations

Branches:
Dungeon (5/15)
 Temple: D:4-7

Altars:
Wu Jian
Zin

Shops:
D:4 (

Annotations:
D:3 Grinder
D:5 Menkaure


Innate Abilities, Weirdness & Mutations

((You are very nimble when in or above water. (Stealth+, EV+, Speed+++)))
Your lower body shifts to a powerful aquatic tail in water.


Message History

You freeze the jelly!
The jelly is moderately wounded.
The jelly hits you.
You are splashed with acid!
Unknown command.
Casting: Freeze (safe; 1% risk of failure)
Confirm with . or Enter, or press ? or * to list all spells.
Aiming: Freeze (safe; 1% risk of failure)
Press: ? - help, Shift-Dir - straight line, f/p - jelly
Aim: a jelly (moderately wounded)
You freeze the jelly.
The jelly is moderately wounded.
The jelly closely misses you.
Unknown command.
Casting: Freeze (safe; 1% risk of failure)
Confirm with . or Enter, or press ? or * to list all spells.
Aiming: Freeze (safe; 1% risk of failure)
Press: ? - help, Shift-Dir - straight line, f/p - jelly
Aim: a jelly (moderately wounded)
You freeze the jelly.
The jelly is heavily wounded.
The jelly hits you.
You are splashed with acid!
Unknown command.
Casting: Freeze (safe; 1% risk of failure)
Confirm with . or Enter, or press ? or * to list all spells.
Aiming: Freeze (safe; 1% risk of failure)
Press: ? - help, Shift-Dir - straight line, f/p - jelly
Aim: a jelly (heavily wounded)
You freeze the jelly.
The jelly is severely wounded.
The jelly hits you. The acid corrodes you!
You are splashed with acid!
* * * LOW HITPOINT WARNING * * *
Casting: Freeze (safe; 1% risk of failure)
Confirm with . or Enter, or press ? or * to list all spells.
Casting: Frozen Ramparts (dangerous; 4% risk of failure)
Press: ? - help, Dir - look around, f - activate The walls around you are covered in ice.
The wall freezes the jelly!
The jelly hits you.
* * * LOW HITPOINT WARNING * * *
You are splashed with acid!
You die...

.## #....##.≈≈≈.....
..####.≈......≈......
.......≈~............
##......≈~##....###.
##......≈##≈...#
##.........≈..###
##...#≈≈~##≈≈..#.#
#....###≈.#≈#....#
......##≈.≈≈#...@+
.^##..##.≈≈##"..J# .##
..###~# #....# ##
#..##. #.....#
#####...# #.......
....#...# ...........
...............###...#
.....#.. ###..## ..##
#....... ##.. .#


You could see a jelly.

Vanquished Creatures
  Sigmund (D:2)
  2 hounds (D:4)
  A jelly (D:5)
  2 orc priests (D:5)
  Terence (D:2)
  2 orc wizards (D:4)
  An iguana (D:5)
  3 gnolls (D:4)
  5 adders
  An ufetubus (D:4)
  2 worms
  3 dart slugs
  12 orcs
  3 endoplasms
  8 giant cockroaches
  9 goblins
  7 hobgoblins
  4 jackals (D:1)
  7 kobolds
  A quokka (D:2)
  5 ball pythons
  6 bats
  7 frilled lizards
  8 rats
101 creatures vanquished.

Notes
Turn   | Place    | Note
-------+----------+-------------------------------------------
     0 | D:1      | safid the Merfolk Ice Elementalist began the quest for the
                  | Orb.
     0 | D:1      | Reached XP level 1. HP: 13/13 MP: 3/3
   174 | D:1      | Reached XP level 2. HP: 12/20 MP: 5/5
   691 | D:1      | Reached skill level 1 in Fighting
   879 | D:2      | Noticed Terence
  1041 | D:2      | Reached XP level 3. HP: 26/26 MP: 3/6
  1048 | D:2      | Reached skill level 5 in Ice Magic
  1630 | D:2      | Noticed Sigmund
  1883 | D:2      | Killed Sigmund
  1884 | D:2      | Reached skill level 1 in Shields
  1884 | D:2      | Reached XP level 4. HP: 31/33 MP: 3/9
  1884 | D:2      | Reached XP level 5. HP: 36/38 MP: 3/10
  1974 | D:2      | Reached XP level 6. HP: 38/44 MP: 8/11
  2095 | D:2      | Killed Terence
  2096 | D:2      | Reached skill level 6 in Ice Magic
  2261 | D:3      | Noticed Grinder
  2627 | D:3      | Found a glowing silver altar of Zin.
  2669 | D:3      | Found an ornate altar of the Wu Jian Council.
  3272 | D:4      | Learned a level 3 spell: Frozen Ramparts
  3276 | D:4      | Learned a level 3 spell: Ozocubu's Armour
  3518 | D:4      | Reached XP level 7. HP: 51/51 MP: 8/13
  3600 | D:4      | Found Wuime's Antique Weapon Boutique.
  4175 | D:5      | Entered Level 5 of the Dungeon
  4400 | D:5      | Noticed Menkaure
  4425 | D:5      | Splashed by a jelly's acid

Illustrated notes

Levels and vault maps discovered:
D:1:      mrwooster_arrival_statue, layout_basic, minmay_misc_feat_more_columns
D:2:      minmay_razor_zed, layout_basic, st_stairs_3, minmay_pentomino_r4,
          uniq_terence, uniq_sigmund
D:3:      layout_loops_corners, amcnicky_altar_gilded,
          mainiacjoe_overflow_small_starburst, uniq_grinder
D:4:      layout_basic, serial_shops, shop
D:5:      layout_layer_cave, kennysheep_little_box,
          mainiacjoe_overflow_24_doors, serial_shops, nicolae_shop_behind_doors,
          serial_glass, glass_columns_a, glass_columns_c,
          lightli_ossuary_entry_decrepit_ruins, chequers_serial_rivers_small_b,
          uniq_menkaure

Skill      XL: |  1  2  3  4  5  6  7 |
---------------+----------------------+-----
Fighting       | 1 2 3 |  3.2
Ice Magic      | 5 6 |  6.5
Shields        | 1 2 |  2.6
Spellcasting   | 3 4 |  4.4
Dodging        | 3 |  3.2
Stealth        | |  2.1

Action                     |  1- 3 |  4- 6 |  7- 9 || total
---------------------------+-------+-------+-------++-------
  Melee: Dagger            |    35 |    44 |    24 ||   103
   Cast: Freeze            |    51 |    45 |    25 ||   121
         Frozen Ramparts   |       |     3 |     5 ||     8
         Ozocubu's Armour  |       |     1 |     1 ||     2
    Use: Potion            |     2 |       |       ||     2
   Stab: Sleeping          |     1 |     3 |       ||     4
         Distracted        |       |       |     1 ||     1
 Armour: Robe              |    20 |     8 |     4 ||    32
  Dodge: Dodged            |    56 |    31 |    23 ||   110
  Block: Buckler           |     5 |    17 |    12 ||    34
